 Dungeon Crawl Stone Soup version 0.31-a0-426-g3a05650e59 (webtiles) character file.

Game seed: 6553304485534229194

58 Gelion the Changeling (level 4, 0/29 HPs)
             Began as an Octopode Shapeshifter on July 31, 2023.
             Slain by a gnoll
             ... wielding a +0 spear
              (2 damage)
             ... on level 2 of the Dungeon.
             The game lasted 00:01:17 (850 turns).

Gelion the Changeling (Octopode Shapeshifter)        Turns: 850, Time: 00:01:18

Health: 0/29       AC:  1    Str: 14    XL:     4   Next: 2%
Magic:  4/4        EV: 13    Int: 10    God:
Gold:   68         SH:  0    Dex: 14    Spells: 3/3 levels left

rFire   . .          .
                       - Unarmed
rCold   . . .        (no shield)
rNeg    . . .        (helmet currently unavailable)
rPois   .            f - amulet of regeneration
rElec   .            (no ring)
rCorr   .            (no ring)
SInv    .            (no ring)
Will    .....        (no ring)
Stlth   ++           (no ring)
HPRegen 1.04/turn    (no ring)
MPRegen 0.09/turn    (no ring)
                     (no ring)

%: no passive effects
@: beast-form
A: beast (slay +2), almost no armour, amphibious, 8 rings, camouflage 1,
gelatinous body 1, (nimble swimmer 1), tentacles
a: Begin Untransformation


You were on level 2 of the Dungeon.
You were a hulking beast.
You visited 1 branch of the dungeon, and saw 2 of its levels.

You collected 68 gold pieces.

Inventory:

Jewellery
 f - an amulet of regeneration (around mantle)
Talismans
 b - a beast talisman (active)
Scrolls
 e - a scroll of torment {unknown}
Potions
 a - a potion of lignification
 c - a potion of berserk rage {unknown}
 d - a potion of mutation {unknown}


   Skills:
 + Level 1.9 Fighting
 - Level 2.0 Dodging
 + Level 3.5 Unarmed Combat
 * Level 3.7 Shapeshifting


You had 3 spell levels left.
You didn't know any spells.
Your spell library contained the following spells:

 Spells                   Type           Power      Damage    Failure   Level
 Cigotuvi's Dreadful Rot  Necr/Pois/Air  0%         N/A       50%         2
 Ignite Poison            Fire/Tmut/Pois 0%         N/A       75%         3
 Freezing Cloud           Conj/Ice/Air   0%         6-21      100%        5


Dungeon Overview and Level Annotations

Branches:
Dungeon (2/15)

Altars:


Innate Abilities, Weirdness & Mutations

You are a hulking beast.
Your limbs bulge with bestial killing power. (Slay +2)
You cannot wear most types of armour.
You are amphibious.
You can wear up to eight rings at the same time.
Your skin changes colour to match your surroundings (Stealth+).
Your rubbery body absorbs attacks. (AC +1, EV +1)
((You are camouflaged when in or above water. (Stealth+)))
You have tentacles for arms and can constrict up to eight enemies at once.


Message History

A goblin is nearby!
The helpless goblin fails to defend itself.
You bludgeon the goblin!
You kill the goblin!
No target in view!
Things that are here:
a +0 club; a goblin corpse 2 gnolls and a bat come into view.
There are monsters nearby!
A gnoll comes into view. It is wielding a +0 spear.
The gnoll hits you from afar with a +0 halberd.
A gnoll and a kobold come into view.
The gnoll closely misses you. The bat hits you.
The gnoll shouts!
You tentacle-slap the gnoll but do no damage.
You grab the gnoll. You constrict the gnoll.
The gnoll shouts!
The bat hits you but does no damage. The bat closely misses you.
The gnoll closely misses you. The gnoll hits you with a +0 halberd!
The gnoll barely misses you.
You tentacle-slap the gnoll.
The gnoll is heavily wounded.
You constrict the gnoll. The bat barely misses you.
The gnoll hits you with a +0 club!
The gnoll hits you from afar with a +0 spear.
* * * LOW HITPOINT WARNING * * *
The gnoll misses you.
You release your grip on the gnoll.
The gnoll barely misses you. The gnoll attacks as you move away!
The gnoll closely misses you.
You barely miss the gnoll. Your grab misses the gnoll.
The gnoll is heavily wounded.
The gnoll closely misses you. The gnoll barely misses you.
The gnoll attacks as you move away! The gnoll hits you with a +0 club.
* * * LOW HITPOINT WARNING * * *
You barely miss the gnoll. You grab the gnoll.
The gnoll is heavily wounded.
You constrict the gnoll. The gnoll hits you with a +0 club.
* * * LOW HITPOINT WARNING * * *
The gnoll hits you from afar with a +0 spear.
You die...

#.#..# ###.##.# ##########
#...##.# #........# .#####
#.####.###........#
......#######.#
#............#
....#.....)...#
#............#
#.....#########......(......#
#####..######...............#
##...gggh.#..........>..#
####.#####.........#...# #g.#
#..........#...#
#.g......#............#
....b.#.............#####
....###..........†....# #..
..####..........# .. .##
##.........# # . #....†....#


You could see 3 gnolls.

Vanquished Creatures
  3 adders (D:2)
  A worm (D:2)
  A dart slug (D:1)
  3 giant cockroaches (D:1)
  4 goblins
  2 hobgoblins (D:1)
  4 kobolds (D:1)
  A quokka (D:1)
  A ball python (D:2)
  2 bats (D:1)
  3 frilled lizards
  A rat (D:1)
26 creatures vanquished.

Notes
Turn   | Place    | Note
-------+----------+-------------------------------------------
     0 | D:1      | Gelion the Octopode Shapeshifter began the quest for the
                  | Orb.
     0 | D:1      | Reached XP level 1. HP: 13/13 MP: 1/1
   190 | D:1      | Reached XP level 2. HP: 18/18 MP: 2/2
   695 | D:2      | Reached XP level 3. HP: 20/24 MP: 3/3
   760 | D:2      | Reached XP level 4. HP: 23/29 MP: 4/4
   850 | D:2      | Slain by a gnoll

Illustrated notes

Levels and vault maps discovered:
D:1:      sevenhm_arrival_forest_fort_small_4, layout_basic,
          minmay_statues_item, minmay_misc_feat_five
D:2:      layout_rooms, shapermc_ecumenical_altar_ellora, uniq_jessica

Action                     |  1- 3 |  4- 6 || total
---------------------------+-------+-------++-------
  Melee: Unarmed           |    44 |     5 ||    49
         Constrict         |    11 |     2 ||    13
         Tentacles         |     6 |       ||     6
   Stab: Sleeping          |     4 |     1 ||     5
 Armour: Skin              |     5 |     1 ||     6
  Dodge: Dodged            |    20 |    10 ||    30

Table legend: (Time is in decaauts)
 A = Elapsed time spent in this place.
 B = Non-inter-level travel time spent in this place.
 C = Inter-level travel time spent in this place.
 D = Time resting spent in this place.
 E = Time spent auto-exploring this place.
 F = Levels seen in this place.
 G = Mean time per level.
                   A        B        C        D        E       F      G
               +--------+--------+--------+--------+--------+-----+--------+
         Total |    846 |    839 |      7 |      0 |    682 |   2 |  423.0 |
       Dungeon |    846 |    839 |      7 |      0 |    682 |   2 |  423.0 |
               +--------+--------+--------+--------+--------+-----+--------+

Top non-repeatable levels by time:
     D:1: 690 daAuts
     D:2: 156 daAuts
